 Dungeon Crawl Stone Soup version 0.27.1 (webtiles) character file.

Game seed: 13670232614596730663

63 ZARRMARR the Magician (level 3, 0/19 HPs)
             Began as a Deep Elf Air Elementalist on Sept 1, 2021.
             Slain by a gnoll (8 damage)
             ... on level 2 of the Dungeon.
             The game lasted 00:06:39 (2902 turns).

ZARRMARR the Magician (Deep Elf Air Elementalist)   Turns: 2902, Time: 00:06:39

Health: 0/19       AC:  3    Str:  5    XL:     3   Next: 87%
Magic:  0/10       EV: 13    Int: 20    God:
Gold:   100        SH:  0    Dex: 15    Spells: 9/10 levels left

rFire    . . .     SeeInvis .   i - +0 dagger
rCold    . . .     Faith    .   (no shield)
rNeg     . . .     Spirit   .   a - +0 robe
rPois    .         Reflect  .   (no helmet)
rElec    .         Harm     .   e - +0 cloak
rCorr    .         Rampage  .   (no gloves)
Will     .....                  (no boots)
Stlth    ++........             (no amulet)
HPRegen  0.06/turn              (no ring)
MPRegen  0.12/turn              (no ring)

@: attractive
A: no striking features
a: no special abilities


You were on level 2 of the Dungeon.
You visited 1 branch of the dungeon, and saw 2 of its levels.

You collected 100 gold pieces.

Inventory:

Hand Weapons
 i - a +0 dagger (weapon)
Missiles
 c - 37 arrows
Armour
 a - a +0 robe (worn)
 e - a +0 cloak (worn)
Jewellery
 b - an amulet of guardian spirit
Scrolls
 f - a scroll of silence {unknown}
 h - 2 scrolls of fog {unknown}
Potions
 d - a potion of degeneration {unknown}
 g - a potion of attraction
 j - a potion of magic {unknown}
 k - a potion of curing


   Skills:
 * Level 3.2 Dodging
 - Level 2.4 Stealth
 + Level 4.1 Spellcasting
 - Level 1.1 Conjurations
 + Level 3.9 Air Magic


You had 9 spell levels left.
You knew the following spells:

 Your Spells              Type           Power      Damage    Failure   Level
a - Shock                 Conj/Air       56%        1d6       4%          1

Your spell library contained the following spells:

 Spells                   Type           Power      Damage    Failure   Level
 Static Discharge         Conj/Air       14%        N/A       7%          2
 Swiftness                Air            20%        N/A       8%          3
 Slow                     Hex            4%         N/A       19%         2
 Airstrike                Air            10%        N/A       24%         4
 Confusing Touch          Hex            4%         N/A       36%         3
 Yara's Violent Unravell  Hex/Tmut       2%         3d3       98%         5


Dungeon Overview and Level Annotations

Branches:
Dungeon (2/15)

Altars:


Message History

Press: ? - help, Q - select action Shift-Dir - straight line, f/p - gnoll
Aim: a gnoll, wielding a +0 club (moderately wounded, 72% to hit)
The zap hits the gnoll.
The gnoll is heavily wounded.
Aiming: Shock (safe; 4% risk of failure)
Press: ? - help, Q - select action Shift-Dir - straight line, f/p - gnoll
Aim: a gnoll, wielding a +0 club (heavily wounded, 72% to hit)
The zap hits the gnoll.
The gnoll is almost dead.
Aiming: Shock (safe; 4% risk of failure)
Press: ? - help, Q - select action Shift-Dir - straight line, f/p - gnoll
Aim: a gnoll, wielding a +0 club (almost dead, 72% to hit)
The zap hits the gnoll.
You kill the gnoll!
The gnoll throws a stone.
The stone hits you.
Your Spellcasting skill increases to level 4!
Aiming: Shock (safe; 4% risk of failure)
Press: ? - help, Q - select action Shift-Dir - straight line, f - gnoll
Aim: a gnoll, wielding a +0 club (moderately wounded, 75% to hit)
The zap hits the gnoll.
The gnoll is severely wounded.
The gnoll hits you from afar with a +0 halberd!
You don't have enough magic to cast this spell.
You don't have enough magic to cast this spell.
You don't have enough magic to cast this spell.
You don't have enough magic to cast this spell.
You don't have enough magic to cast this spell.
You don't have enough magic to cast this spell.
You don't have enough magic to cast this spell.
You don't have enough magic to cast this spell.
You don't have enough magic to cast this spell.
You don't have enough magic to cast this spell.
You don't have enough magic to cast this spell.
It was a potion of attraction.
You feel attractive to monsters. The gnoll barely misses you.
The gnoll hits you with a +0 club.
* * * LOW HITPOINT WARNING * * *
It was a potion of curing.
You feel better.
The gnoll hits you from afar with a +0 halberd!
You die...

...............#.# ..#
.###########.#.#.# ...#
.# #.#...# ...# .#######
#.#...#....# .......#
###.#...#....# .#####.#
#............# .# #.#
#....#..####. .## #.#
#....#..#
..####.###....##@####.##
###.....##....##.g.....#
#.....##....#...g.....†
###.....##....#...)....##
..+.....####+##..........
###.....# #.....)....
#...### #.......... #...#
#.......... #######
#..........


You could see 2 gnolls.

Vanquished Creatures
  2 gnolls (D:2)
  An adder (D:2)
  5 endoplasms
  A giant cockroach (D:1)
  2 goblins
  3 hobgoblins (D:1)
  5 jackals
  A quokka (D:2)
  2 ball pythons (D:1)
  3 bats (D:1)
  A frilled lizard (D:2)
  2 kobolds (D:2)
  5 rats
33 creatures vanquished.

Vanquished Creatures (others)
  7 plants (D:1)
7 creatures vanquished.

Grand Total: 40 creatures vanquished

Notes
Turn   | Place    | Note
-------+----------+-------------------------------------------
     0 | D:1      | ZARRMARR the Deep Elf Air Elementalist began the quest for
                  | the Orb.
     0 | D:1      | Reached XP level 1. HP: 10/10 MP: 6/6
   460 | D:1      | Found a faded altar of an unknown god.
   977 | D:1      | Reached XP level 2. HP: 15/15 MP: 5/8
  2628 | D:2      | Reached XP level 3. HP: 19/19 MP: 6/10
  2899 | D:2      | Reached skill level 4 in Spellcasting
  2902 | D:2      | Slain by a gnoll

Illustrated notes

Levels and vault maps discovered:
D:1:      dpeg_arrival_short_road, layout_loops_corners, serial_forest,
          infiniplex_forest_end_1, infiniplex_forest_straight_2,
          infiniplex_forest_straight_2, infiniplex_forest_lined_room_2,
          infiniplex_forest_clump_long, infiniplex_forest_zigzag_2,
          infiniplex_forest_clump_double, infiniplex_forest_clump_medium,
          hellmonk_ecumenical_altar_dog_temple, chequers_serial_rivers_micro_b,
          grunt_decor_resistance
D:2:      layout_basic, uniq_robin

Skill      XL: |  1  2  3 |
---------------+----------+-----
Dodging        | 3 |  3.2
Spellcasting   | 4 |  4.1
Stealth        | |  2.4
Conjurations   | |  1.1
Air Magic      | |  3.9

Action                   || total
-------------------------++-------
Melee: Unarmed           ||    15
       Dagger            ||     9
 Cast: Shock             ||    74
  Use: Scroll            ||     3
       Potion            ||     2
Armor: Robe              ||    12
Dodge: Dodged            ||    23
